 Dungeon Crawl Stone Soup version 0.28.0-53-g5a82cb258f (webtiles) character file.

Game seed: 6513879093108966284

3050 Ashen the Ogre Mage (level 9, -3/88 HPs)
             Began as an Ogre Ice Elementalist on June 26, 2022.
             Slain by a gnoll sergeant
             ... wielding a +0 glaive
              (15 damage)
             ... in a bailey.
             The game lasted 00:17:00 (7231 turns).

Ashen the Ogre Mage (Ogre Ice Elementalist)         Turns: 7231, Time: 00:17:02

Health: -3/88      AC:  7    Str:  9    XL:     9   Next: 87%
Magic:  5/18       EV: 12    Int: 20    God:
Gold:   370        SH:  0    Dex: 17    Spells: 9/20 levels left

rFire   x . .      SeeInvis .   b - +2 quarterstaff of Kumop {flame, Will+ Str-5 Dex+8}
rCold   + . .      Faith    .   (shield currently unavailable)
rNeg    . . .      Spirit   .   a - +1 robe
rPois   .          Reflect  .   (helmet restricted)
rElec   .          Harm     .   v - +2 cloak
rCorr   .          Rampage  .   (gloves unavailable)
Will    +....                   (boots unavailable)
Stlth   +++.......              x - amulet of regeneration
HPRegen 1.84/turn               s - ring of ice
MPRegen 0.16/turn               (no ring)

@: no status effects
A: large, unfitting armour, tough skin 1, horns 1, regeneration 1, subdued magic
1
a: no special abilities


You were in a bailey.
You visited 2 branches of the dungeon, and saw 8 of its levels.
You also visited: Bailey.

You collected 370 gold pieces.

Inventory:

Hand Weapons
 b - the +2 quarterstaff of Kumop (weapon) {flame, Will+ Str-5 Dex+8}
   (You found it on level 4 of the Dungeon)

   It burns those it strikes, dealing additional fire damage.
   Str:       It affects your strength (-5).
   Dex:       It affects your dexterity (+8).
   Will:      It increases your willpower.
 l - a +0 mace
 o - a +2 dagger of freezing
 y - a +0 giant club
Missiles
 c - 5 throwing nets (quivered)
Armour
 a - a +1 robe (worn)
 v - a +2 cloak (worn)
Jewellery
 s - a ring of ice (left hand)
 x - an amulet of regeneration (around neck)
 B - a ring of ice
Wands
 m - a wand of iceblast (4)
 q - a wand of charming (10)
 r - a wand of polymorph (16)
Scrolls
 d - a scroll of immolation
 e - 2 scrolls of fear
 f - a scroll of teleportation
 n - a scroll of vulnerability
 t - 4 scrolls of enchant weapon {unknown}
 w - a scroll of holy word {unknown}
 A - a scroll of summoning
Potions
 g - a potion of flight
 h - a potion of mutation
 i - 3 potions of ambrosia
 j - 3 potions of lignification
 k - 2 potions of attraction
 p - a potion of heal wounds {unknown}
 u - a potion of invisibility {unknown}
 z - a potion of haste {unknown}
 C - 2 potions of curing {unknown}
 D - a potion of degeneration {unknown}


   Skills:
 + Level 5.0 Fighting
 + Level 5.0 Maces & Flails
 + Level 0.1 Armour
 + Level 5.0 Dodging
 - Level 5.0 Stealth
 * Level 6.0 Spellcasting
 + Level 5.0 Conjurations
 + Level 5.0 Ice Magic


You had 9 spell levels left.
You knew the following spells:

 Your Spells              Type           Power      Damage    Failure   Level
a - Freeze                Ice            100%       1d11      1%          1
b - Frozen Ramparts       Ice            60%        1d8       3%          3
c - Ozocubu's Armour      Ice            30%        N/A       3%          3
d - Hailstorm             Conj/Ice       30%        3d8       11%         4

Your spell library contained the following spells:

 Spells                   Type           Power      Damage    Failure   Level
 Call Canine Familiar     Summ           4%         N/A       26%         3
 Portal Projectile        Hex/Tloc       8%         N/A       26%         3
 Cause Fear               Hex            2%         N/A       67%         4
 Leda's Liquefaction      Hex/Erth       2%         N/A       67%         4
 Dragon Form              Tmut           2%         N/A       100%        7
 Dragon's Call            Summ           2%         N/A       100%        9


Dungeon Overview and Level Annotations

Branches:
Dungeon (7/15)             Temple (1/1) D:7          Bailey (1/1)

Altars:
Ashenzari
Cheibriados
Elyvilon
Fedhas
Gozag
Kikubaaqudgha
Makhleb
Nemelex Xobeh
Okawaru
Qazlal
Sif Muna
Trog
Xom
Yredelemnul

Shops:
D:3 (

Annotations:
D:4 1 runed translucent door, diceflayer's ghost, novice NaFi
D:5 exclusion: two-headed ogre
D:6 1 runed translucent door, diceflayer's ghost, novice MiFi


Innate Abilities, Weirdness & Mutations

You are too large for most types of armour.
You have tough skin. (AC +1)
You have a pair of small horns on your head.
Your natural rate of healing is unusually fast.
Your spells are a little easier to cast, but a little less powerful.


Message History

You hit the gnoll sergeant but do no damage.
The gnoll sergeant is lightly wounded.
The gnoll sergeant hits you with a +0 glaive!
Casting: Frozen Ramparts (mildly dangerous; 3% risk of failure)
Confirm with . or Enter, or press ? or * to list all spells.
Aiming: Freeze (safe; 1% risk of failure)
Press: ? - help, Shift-Dir - straight line, f - gnoll sergeant
Aim: a gnoll sergeant, wielding a +0 glaive and wearing a +0 chain mail (lightly wounded)
You feel a surge of power!
You freeze the gnoll sergeant!
The gnoll sergeant is heavily wounded.
The gnoll sergeant hits you with a +0 glaive!
* * * LOW HITPOINT WARNING * * *
The gnoll sergeant misses you.
Things that are here:
a +0 spear; a +0 scale mail; a gnoll skeleton
There is an open gate here.
The gnoll sergeant hits you from afar with a +0 glaive!
* * * LOW HITPOINT WARNING * * *
The gnoll sergeant hits you from afar with a +0 glaive.
* * * LOW HITPOINT WARNING * * *
Casting: Freeze (safe; 1% risk of failure)
Confirm with . or Enter, or press ? or * to list all spells.
Casting: Hailstorm (dangerous; 11% risk of failure)
Press: ? - help, Dir - look around, f - activate You feel a surge of power!
A cannonade of hail descends around you!
The hail pelts the gnoll sergeant!
The gnoll sergeant is severely wounded.
The gnoll sergeant hits you from afar with a +0 glaive!
* * * LOW HITPOINT WARNING * * *
Casting: Hailstorm (dangerous; 11% risk of failure)
Confirm with . or Enter, or press ? or * to list all spells.
Casting: Hailstorm (dangerous; 11% risk of failure)
Press: ? - help, Dir - look around, f - activate You feel a surge of power!
A cannonade of hail descends around you!
The hail pelts the gnoll sergeant.
The gnoll sergeant is severely wounded.
The gnoll sergeant hits you from afar with a +0 glaive!
You die...

#...#.)...).#.g.#
###)#...8...#
.g#≈♣
#..)#.......#
g.#≈♣
#..)##.)...## ≈♣
#....##.).## ≈♣
#8....##†## ≈♣
#.....#...# ≈♣
#####'#.))# ##≈♣
#..}.#..)# #@≈♣
######'''######.≈♣
..............g.≈♣
...............≈≈♣
≈≈≈≈≈≈...≈≈≈≈≈≈≈♣♣
...............♣♣
♣♣...........♣♣♣
♣♣....)..♣♣♣♣
♣♣♣♣.∩)♣♣


You could see a gnoll sergeant.

Vanquished Creatures
  Grum (Bailey)
  An ice beast (D:7)
  A black bear (D:5)
  A sky beast (D:7)
  3 necrophages (D:6)
  An ogre (D:5)
  6 wolves (Bailey)
  A phantom (D:5)
  5 gnoll sergeants (Bailey)
  4 scorpions
  A water moccasin skeleton (D:6)
  3 killer bees (D:5)
  A jelly (D:6)
  A howler monkey (D:4)
  A centaur zombie (D:6)
  3 hounds
  2 orc priests
  A centaur skeleton (D:7)
  7 gnoll shamans (Bailey)
  2 iguanas (D:5)
  A scorpion zombie (D:5)
  4 orc wizards
  A howler monkey zombie (D:5)
  12 gnolls (Bailey)
  11 adders
  2 river rats (D:4)
  2 white imps
  An ufetubus (D:6)
  3 worms (D:2)
  A dart slug (D:1)
  12 orcs
  6 ball pythons
  3 bats
  8 endoplasms
  6 giant cockroaches
  8 goblins
  2 hobgoblins
  A quokka (D:1)
  4 frilled lizards (D:1)
  7 kobolds
  7 rats
148 creatures vanquished.

Vanquished Creatures (others)
  25 plants (D:7)
25 creatures vanquished.

Grand Total: 173 creatures vanquished

Notes
Turn   | Place    | Note
-------+----------+-------------------------------------------
     0 | D:1      | Ashen the Ogre Ice Elementalist began the quest for the
                  | Orb.
     0 | D:1      | Reached XP level 1. HP: 16/16 MP: 3/3
   208 | D:1      | Reached XP level 2. HP: 26/26 MP: 2/5
   385 | D:1      | Reached skill level 1 in Fighting
   785 | D:1      | Reached skill level 3 in Spellcasting
  1079 | D:1      | Reached XP level 3. HP: 33/33 MP: 7/7
  1083 | D:1      | Learned a level 3 spell: Frozen Ramparts
  1087 | D:1      | Learned a level 3 spell: Ozocubu's Armour
  1132 | D:1      | Found a faded altar of an unknown god.
  2301 | D:3      | Reached XP level 4. HP: 39/41 MP: 7/9
  2522 | D:3      | Found Gushu's Weapon Boutique.
  3259 | D:4      | Noticed diceflayer's ghost (novice NaFi)
  3259 | D:4      | Found a runed translucent door.
  3267 | D:4      | Identified the +2 quarterstaff of Kumop {flame, Will+ Str-5
                  | Dex+8}
  3281 | D:4      | Reached skill level 1 in Maces & Flails
  3281 | D:4      | Reached XP level 5. HP: 47/49 MP: 8/10
  3301 | D:4      | Learned a level 4 spell: Hailstorm
  3548 | D:4      | Reached skill level 4 in Spellcasting
  3570 | D:4      | Reached XP level 6. HP: 20/59 MP: 4/12
  4030 | D:4      | Reached skill level 1 in Conjurations
  4541 | D:5      | Entered Level 5 of the Dungeon
  4739 | D:5      | Reached XP level 7. HP: 46/67 MP: 9/14
  4889 | D:5      | Gained mutation: You are dopey. (Int -2) [potion of
                  | mutation]
  4889 | D:5      | Gained mutation: You have hidden genetic potential. [potion
                  | of mutation]
  4889 | D:5      | Gained mutation: Your spells are a little easier to cast,
                  | but a little less powerful. [potion of mutation]
  4889 | D:5      | Gained mutation: You have sharp fingernails. [potion of
                  | mutation]
  4890 | D:5      | Lost mutation: You have hidden genetic potential. [potion
                  | of mutation]
  4890 | D:5      | Lost mutation: You have sharp fingernails. [potion of
                  | mutation]
  4890 | D:5      | Gained mutation: Your natural rate of healing is unusually
                  | fast. [potion of mutation]
  4890 | D:5      | Lost mutation: You are dopey. (Int -2) [potion of mutation]
  4890 | D:5      | Gained mutation: You have a pair of small horns on your
                  | head. [potion of mutation]
  5011 | D:5      | Reached skill level 5 in Spellcasting
  5248 | D:5      | Reached XP level 8. HP: 78/78 MP: 4/16
  5460 | D:5      | Noticed a two-headed ogre
  5940 | D:6      | Reached skill level 6 in Spellcasting
  6014 | D:6      | Reached skill level 5 in Ice Magic
  6123 | D:6      | Found a runed translucent door.
  6129 | D:6      | Found a shimmering altar of Xom.
  6129 | D:6      | Noticed diceflayer's ghost (novice MiFi)
  6130 | D:6      | Noticed a +0 hand axe of chaos
  6457 | D:7      | Reached skill level 5 in Fighting
  6543 | D:7      | Reached XP level 9. HP: 88/88 MP: 13/18
  6554 | D:7      | Found a staircase to the Ecumenical Temple.
  6562 | Temple   | Entered the Ecumenical Temple
  6783 | D:7      | Found a flagged portal.
  6792 | Bailey   | Entered a bailey
  7102 | Bailey   | Reached skill level 5 in Dodging
  7105 | Bailey   | Noticed Grum
  7194 | Bailey   | Killed Grum
  7195 | Bailey   | Reached skill level 5 in Maces & Flails
  7195 | Bailey   | Reached skill level 5 in Stealth
  7195 | Bailey   | Reached skill level 5 in Conjurations
  7231 | Bailey   | Slain by a gnoll sergeant

Illustrated notes

Levels and vault maps discovered:
D:1:      minmay_arrival_loop, layout_loops_ring,
          dilly_ecumenical_altar_fadedgnrine
D:2:      minmay_inner_zag, layout_loops_cross
D:3:      layout_loops_corners, serial_shops, nicolae_shop_bloodbath_and_beyond
D:4:      layout_loops_ring, portal_sewer_entry_c,
          hellmonk_ghost_happy_afterlife, minmay_strange_pillars,
          chequers_serial_rivers_small_b, st_stairs_5
D:5:      nicolae_cairo_tiling_large_dashed, layout_loops_ring
D:6:      layout_gridville, ebering_ghost_xom
D:7:      kennysheep_housing_project, layout_loops_ring,
          minmay_temple_entry_overgrown, enter_bailey_6,
          minmay_misc_feat_square, chequers_serial_rivers_large_b
Temple:   dshaligram_water_room_temple
Bailey:   bailey_polearm_gnolls_kennysheep, bailey

Skill      XL: |  1  2  3  4  5  6  7  8  9 |
---------------+----------------------------+-----
Dodging        | 2 3 4 5 |  5.0
Fighting       | 1 2 3 5 |  5.0
Spellcasting   | 3 4 5 6 |  6.0
Maces & Flails | 1 2 3 5 |  5.0
Stealth        | 2 3 5 |  5.0
Ice Magic      | 4 5 |  5.0
Conjurations   | 1 2 3 5 |  5.0
Armour         | |  0.1

Action                   |  1- 3 |  4- 6 |  7- 9 || total
-------------------------+-------+-------+-------++-------
Melee: Unarmed           |     5 |       |       ||     5
       Club              |     5 |       |       ||     5
       Whip              |    11 |     5 |       ||    16
       Quarterstaff      |       |    40 |   148 ||   188
       Mace              |       |     2 |       ||     2
       Headbutt          |       |       |    32 ||    32
 Cast: Freeze            |    61 |    44 |    41 ||   146
       Frozen Ramparts   |       |     5 |    11 ||    16
       Ozocubu's Armour  |       |       |     6 ||     6
       Hailstorm         |       |       |     9 ||     9
  Use: Scroll            |       |    11 |     1 ||    12
       Potion            |       |       |     2 ||     2
 Stab: Sleeping          |     3 |     7 |     7 ||    17
       Distracted        |       |     1 |       ||     1
Armor: Robe              |    14 |    30 |    84 ||   128
Dodge: Dodged            |    29 |    52 |   159 ||   240
